 Dungeon Crawl Stone Soup version 0.29-a0-275-g389c0b56f3 (webtiles) character file.

Game seed: 17687326759685346516

99 PaleWalker the Slasher (level 5, -7/38 HPs)
             Began as a Djinni Gladiator on Mar 10, 2022.
             Mangled by a gnoll
             ... wielding a +0 halberd
              (10 damage)
             ... on level 2 of the Dungeon.
             The game lasted 00:04:49 (2677 turns).

PaleWalker the Slasher (Djinni Gladiator)           Turns: 2677, Time: 00:04:49

Health: -7/38      AC:  4    Str: 13    XL:     5   Next: 2%
Gold:   43         EV: 12    Int: 12    God:
                   SH:  0    Dex: 14

rFire   + + .      SeeInvis .   a - +0 long sword
rCold   x . .      Faith    .   (no shield)
rNeg    . . .      Spirit   .   b - +0 leather armour
rPois   ∞          Reflect  .   c - +0 helmet
rElec   .          Harm     .   (no cloak)
rCorr   .          Rampage  .   (no gloves)
Will    .....                   (boots unavailable)
Stlth   +.........              (no amulet)
HPRegen 0.12/turn               (no ring)
MPRegen 0.00/turn               (no ring)

@: flying
A: sickness immunity, fire resistance 2, cold vulnerability 1, float, innate
caster, HP casting, extra vitality 1
a: no special abilities


You were on level 2 of the Dungeon.
You visited 1 branch of the dungeon, and saw 2 of its levels.

You collected 43 gold pieces.

Inventory:

Hand Weapons
 a - a +0 long sword (weapon)
Missiles
 d - 3 throwing nets
 e - 6 javelins
Armour
 b - a +0 leather armour (worn)
 c - a +0 helmet (worn)
Scrolls
 f - a scroll of teleportation {unknown}
 h - 3 scrolls of identify {unknown}
 j - a scroll of fear {unknown}
 l - 2 scrolls of brand weapon {unknown}
 m - 2 scrolls of fog {unknown}
Potions
 g - a potion of haste
 i - a potion of curing {unknown}
 k - a potion of might {unknown}


   Skills:
 - Level 2.0 Fighting
 + Level 3.5 Long Blades
 - Level 1.5 Throwing
 - Level 3.2 Dodging
 * Level 2.4 Spellcasting


You had 5 spell levels left.
You knew the following spells:

 Your Spells              Type           Power      Damage    Failure   Level
a - Magic Dart            Conj           28%        1d4       12%         1
b - Static Discharge      Conj/Air       7%         N/A       19%         2
Your spell library was empty.

Dungeon Overview and Level Annotations

Branches:
Dungeon (2/15)

Altars:


Innate Abilities, Weirdness & Mutations

You are immune to sickness and miasma.
You are immune to poison.
Your flesh is very heat resistant. (rF++)
You are vulnerable to cold. (rC-)
You float through the air rather than walking.
You learn spells naturally, not from books.
Your magical power is your life essence.
You have superior vitality. (+4 MHP)


Message History

l - 2 scrolls labelled YTASSOY KAGRI (gained 1)
You see here 13 stones.
A gnoll comes into view. It is wielding a +0 halberd.
The gnoll moves out of view.
A gnoll comes into view. It is wielding a +0 club.
The magic dart hits the gnoll.
The gnoll is lightly wounded.
The gnoll shouts!
You hear a shout!
The magic dart hits the gnoll.
The gnoll is moderately wounded.
The magic dart hits the gnoll.
The gnoll is severely wounded.
You miscast Magic Dart.
You are very lightly contaminated with residual magic.
Nothing appears to happen.
The magic dart hits the gnoll.
The gnoll is almost dead.
The magic dart hits the gnoll.
You kill the gnoll!
You have reached level 5!
The power to cast Static Discharge wells up from within.
Spell assigned to 'b'.
Casting: Magic Dart (safe; 12% risk of failure)
Confirm with . or Enter, or press ? or * to list all spells.
Okay, then.
The gnoll hits you with a +0 halberd!
You barely miss the gnoll. The gnoll barely misses you.
You barely miss the gnoll. The gnoll closely misses you.
The gnoll barely misses you.
You closely miss the gnoll. The gnoll hits you with a +0 halberd.
Your magical contamination has completely faded away.
You hit the gnoll.
The gnoll is heavily wounded.
The gnoll hits you with a +0 halberd!
* * * LOW HITPOINT WARNING * * *
The gnoll hits you from afar with a +0 halberd!
* * * LOW HITPOINT WARNING * * *
There is a stone staircase leading up here.
The gnoll hits you from afar with a +0 halberd!
You die...

##...##
#.##.###.######.##.
##...######
#.##.#.....>.....#.
..........##
#.##.......#####.#.
##...###...# #.####.#.#.#
#.'.
##.####...####.####.#.#.#
#.'.
.##.##.......##........#.#
###.
...............#####.###.#
#. ....##.......#.#####.#
#.# #.
..#.####...##.g.@....# #.#
## .##........##..#######
#.# # #............#
####.# ###..._........#
#....# .........###.#.##
#.#### .##......###....#
#.###########
#.#...........#
#.#..........
.##.#.######.##.#
#.#.######### ....#.#
#.##.# #.#.#


You could see a gnoll.

Vanquished Creatures
  3 gnolls
  2 adders (D:2)
  A worm (D:2)
  A dart slug (D:1)
  2 ball pythons
  7 bats
  2 endoplasms (D:2)
  2 giant cockroaches (D:1)
  2 goblins
  4 hobgoblins
  12 jackals
  A frilled lizard (D:1)
  A kobold (D:1)
  3 rats (D:2)
43 creatures vanquished.

Vanquished Creatures (others)
  A ghoul (D:1)
  2 octopodes (D:1)
  A gargoyle (D:1)
  A formicid (D:1)
  2 vampires (D:1)
  2 demigods (D:1)
  A tengu (D:1)
  A gnoll (D:1)
  An orc (D:1)
  6 tentacles (D:1)
18 creatures vanquished.

Grand Total: 61 creatures vanquished

Notes
Turn   | Place    | Note
-------+----------+-------------------------------------------
     0 | D:1      | PaleWalker the Djinni Gladiator began the quest for the
                  | Orb.
     0 | D:1      | Reached XP level 1. HP: 18/18 MP: 0/0
     0 | D:1      | Noticed a demigod
     0 | D:1      | Noticed a demigod
     0 | D:1      | Noticed a gargoyle
     0 | D:1      | Noticed a ghoul
     0 | D:1      | Noticed a vampire
     0 | D:1      | Noticed a vampire
     0 | D:1      | Noticed a kraken
     0 | D:1      | Noticed a formicid
     0 | D:1      | Noticed an octopode
     0 | D:1      | Noticed a tengu
     0 | D:1      | Noticed an octopode
     4 | D:1      | Killed an octopode
     5 | D:1      | Killed a formicid
     6 | D:1      | Killed a tengu
     8 | D:1      | Killed an octopode
    12 | D:1      | Killed a vampire
    13 | D:1      | Killed a gargoyle
    13 | D:1      | Killed a demigod
    14 | D:1      | Killed a demigod
    15 | D:1      | Killed a ghoul
    17 | D:1      | Killed a vampire
   179 | D:1      | Reached XP level 2. HP: 23/23 MP: 0/0
   193 | D:1      | Reached skill level 1 in Spellcasting
   526 | D:1      | Reached XP level 3. HP: 28/28 MP: 0/0
   526 | D:1      | Learned a level 1 spell: Magic Dart
  1340 | D:2      | Found a faded altar of an unknown god.
  1769 | D:2      | Reached XP level 4. HP: 24/33 MP: 0/0
  2657 | D:2      | Reached XP level 5. HP: 31/38 MP: 0/0
  2657 | D:2      | Learned a level 2 spell: Static Discharge
  2662 | D:2      | HP: 1/38 [gnoll/+0 halberd (7)]
  2677 | D:2      | Mangled by a gnoll

Illustrated notes

Levels and vault maps discovered:
D:1:      nicolae_arrival_kraken_aquarium_a, layout_basic
D:2:      layout_loops_ring, ebering_ecumenical_altar_sacrificial,
          kennysheep_generic_room_6

Skill      XL: |  1  2  3  4 |
---------------+-------------+-----
Spellcasting   | 1 2 |  2.4
Long Blades    | 3 |  3.5
Fighting       | |  2.0
Throwing       | |  1.5
Dodging        | |  3.2

Action                   |  1- 3 |  4- 6 || total
-------------------------+-------+-------++-------
Melee: Long sword        |    67 |    31 ||    98
       Punch             |     1 |     2 ||     3
Throw: Throwing net      |     1 |       ||     1
 Cast: Magic Dart        |    37 |    22 ||    59
Armor: Leather armour    |    24 |    18 ||    42
Dodge: Dodged            |    55 |    33 ||    88

Table legend: (Time is in decaauts)
 A = Elapsed time spent in this place.
 B = Non-inter-level travel time spent in this place.
 C = Inter-level travel time spent in this place.
 D = Time resting spent in this place.
 E = Time spent auto-exploring this place.
 F = Levels seen in this place.
 G = Mean time per level.
                   A        B        C        D        E       F      G
               +--------+--------+--------+--------+--------+-----+--------+
         Total |   2702 |   2651 |     51 |    171 |   2047 |   2 | 1351.0 |
       Dungeon |   2702 |   2651 |     51 |    171 |   2047 |   2 | 1351.0 |
               +--------+--------+--------+--------+--------+-----+--------+

Top non-repeatable levels by time:
     D:1: 1495 daAuts
     D:2: 1206 daAuts
